 Dungeon Crawl Stone Soup version 0.30-a0-218-gedb9141078 (webtiles) character file.

Game seed: 7254497986568232565

2195 jlumianski the Cleaver (level 9, -7/68 HPs)
             Began as a Demonspawn Gladiator on Oct 6, 2022.
             Was a Believer of Qazlal.
             Mangled by an orc warrior
             ... wielding a +1 trident of freezing
              (14 damage)
             ... on level 7 of the Dungeon.
             The game lasted 00:25:06 (6304 turns).

jlumianski the Cleaver (Demonspawn Gladiator)       Turns: 6304, Time: 00:25:07

Health: -7/68      AC: 16    Str: 18    XL:     9   Next: 12%
Magic:  9/9        EV:  7    Int:  9    God:    Qazlal [**....]
Gold:   340        SH:  2    Dex: 16    Spells: 8/8 levels left

rFire   . . .      SeeInvis .    D - +0 broad axe
rCold   . . .      Faith    .    (no shield)
rNeg    . . .      Spirit   .    C - +0 plate armour
rPois   .          Reflect  .    c - +0 helmet
rElec   .          Harm     .    (no cloak)
rCorr   .          Rampage  .    (no gloves)
Will    .....                    (no boots)
Stlth   ..........               (no amulet)
HPRegen 0.31/turn                (no ring)
MPRegen 0.11/turn                (no ring)

@: lethally poisoned (-7 -> -18), studying Armour
A: slimy green scales 1, foul stench 1, demonic touch 2
a: Renounce Religion, Upheaval


You were on level 7 of the Dungeon.
You worshipped Qazlal.
Qazlal was pleased with you.
You visited 2 branches of the dungeon, and saw 8 of its levels.
You also visited: Sewer.

You collected 340 gold pieces.

Inventory:

Hand Weapons
 a - a +0 war axe
 q - a +3 sling
 x - a +0 vampiric whip
 y - a +2 mace of draining
 D - a +0 broad axe (weapon)
 F - a +0 arbalest
Missiles
 d - 2 throwing nets
 n - 10 poisoned darts
 w - a javelin (quivered)
 E - 3 boomerangs
Armour
 b - a +0 leather armour
 c - a +0 helmet (worn)
 e - a +0 chain mail
 g - a +0 ring mail
 j - a +0 scale mail
 C - a +0 plate armour (worn)
Jewellery
 v - a +6 ring of intelligence
Wands
 f - a wand of flame (33)
 t - a wand of paralysis (13)
Scrolls
 h - 2 scrolls of fog
 k - a scroll of fear
 l - 6 scrolls of teleportation
 m - 4 scrolls of immolation
Potions
 i - a potion of cancellation
 o - 4 potions of flight
 p - a potion of ambrosia
 r - a potion of invisibility {unknown}
 s - 2 potions of haste
 u - 2 potions of heal wounds
 z - a potion of resistance {unknown}
 A - a potion of berserk rage
 B - a potion of brilliance {unknown}


   Skills:
 + Level 5.1 Fighting
 + Level 8.2 Axes
 + Level 2.2 Throwing
 + Level 6.2 Armour
 + Level 3.8 Dodging
 + Level 0.8 Stealth
 + Level 0.6 Shields


You had 8 spell levels left.
You didn't know any spells.
Your spell library contained the following spells:

 Spells                   Type           Power      Damage    Failure   Level
 Stone Arrow              Conj/Erth      0%         3d7       100%        3
 Animate Armour           Summ/Erth      0%         N/A       100%        4
 Lehudib's Crystal Spear  Conj/Erth      0%         10d2      100%        8


Dungeon Overview and Level Annotations

Branches:
Dungeon (7/15)             Temple (1/1) D:5           Sewer (visited)

Altars:
Dithmenos
Fedhas
Hepliaklqana
Makhleb
Nemelex Xobeh
Okawaru
Qazlal
Ru
Sif Muna
Vehumet
Wu Jian
Xom


Innate Abilities, Weirdness & Mutations

You are partially covered in slimy green scales. (AC +2)
You may rarely emit foul miasma when damaged in melee.
Your touch may inflict irresistible damage on your foes.


Message History

The water moccasin bites you. The gnoll barely misses you.
The water moccasin attacks as you move away!
The water moccasin bites you but does no damage. x2
The gnoll is no longer moving quickly.
The gnoll hits you but does no damage.
An orc comes into view. It is wielding a +0 hand axe.
The orc shouts!
The gnoll is no longer moving quickly.
You block the water moccasin's attack.
The gnoll bouda barks out a call to the hunt!
The gnolls pick up the pace!
You closely miss the orc.
You touch the orc.
You kill the orc!
Qazlal accepts your kill.
You hit the water moccasin.
The gnoll is no longer moving quickly.
The water moccasin bites you but does no damage.
The gnoll hits you but does no damage.
The gnoll bouda barks out a call to the hunt!
The gnoll picks up the pace!
The water moccasin attacks as you move away!
The water moccasin bites you.
You are poisoned.
The water moccasin poisons you!
You feel very sick. The water moccasin bites you.
You are lethally poisoned!
The water moccasin poisons you!
Things that are here:
a +0 hand axe; a +0 leather armour
* * * LOW HITPOINT WARNING * * *
You feel very sick.
* * * LOW HITPOINT WARNING * * *
You feel very sick. The water moccasin bites you.
* * * LOW HITPOINT WARNING * * *
There is a stone staircase leading up here.
* * * LOW HITPOINT WARNING * * *
You feel very sick. The water moccasin bites you.
* * * LOW HITPOINT WARNING * * *
The orc warrior hits you from afar with a +1 trident of freezing!
You die...

# ############ .
#.....gg...## #
.#####.)go....g#.#
#:.....########g##
##.###.########o### #
#...go....5...S.##.##
#....g...####..@.....#
....##.##.# ##.#.###.#
.#.. #g# .# ###.# ...
#o# # #.# .. #.# #.#
#. #5# ..# #.. ###


You could see an orc warrior, a water moccasin, 2 gnolls and a shadow imp.

Vanquished Creatures
  A steam dragon (D:7)
  2 water moccasins
  An ice beast (D:6)
  2 orc warriors (D:6)
  A black bear (D:6)
  An ogre (D:4)
  2 phantoms (D:6)
  A kobold brigand (Sewer)
  A bullfrog (D:3)
  A necrophage (D:6)
  5 scorpions
  3 howler monkeys
  2 hounds
  2 jellies
  2 orc priests (D:6)
  Ijyb (D:3)
  A gnoll bouda (D:6)
  3 iguanas
  2 orc wizards (D:6)
  Robin (D:2)
  6 gnolls
  6 adders
  A river rat (Sewer)
  A white imp (D:5)
  2 ufetubi
  A worm (D:5)
  3 dart slugs
  29 orcs
  5 bats
  3 endoplasms
  5 giant cockroaches
  16 goblins
  8 hobgoblins
  2 jackals (Sewer)
  9 quokkas
  5 ball pythons
  3 frilled lizards
  11 kobolds
  4 rats
155 creatures vanquished.

Vanquished Creatures (collateral kills)
  An adder (D:5)
1 creature vanquished.

Grand Total: 156 creatures vanquished

Notes
Turn   | Place    | Note
-------+----------+-------------------------------------------
     0 | D:1      | jlumianski the Demonspawn Gladiator began the quest for the
                  | Orb.
     0 | D:1      | Reached XP level 1. HP: 16/16 MP: 1/1
   158 | D:1      | Gained mutation: Your touch may inflict minor irresistible
                  | damage on your foes. [demonic ancestry]
   158 | D:1      | Reached XP level 2. HP: 22/22 MP: 2/2
   331 | D:1      | Reached skill level 3 in Axes
   643 | D:2      | Reached XP level 3. HP: 26/27 MP: 3/3
   732 | D:2      | You fall into a shaft and drop 2 floors!
   751 | D:4      | Found a blossoming altar of Fedhas.
   812 | D:3      | Noticed Ijyb
   820 | D:3      | Killed Ijyb
  1027 | D:2      | Gained mutation: You may rarely emit foul miasma when
                  | damaged in melee. [demonic ancestry]
  1027 | D:2      | Reached XP level 4. HP: 33/33 MP: 4/4
  1395 | D:2      | Reached skill level 1 in Armour
  1476 | D:3      | Noticed Robin
  1488 | D:2      | Killed Robin
  2234 | D:3      | Noticed a bullfrog
  2249 | D:3      | Killed a bullfrog
  2250 | D:3      | Reached skill level 4 in Axes
  2250 | D:3      | Reached XP level 5. HP: 27/39 MP: 5/5
  2691 | D:4      | Noticed an ogre
  2697 | D:4      | Killed an ogre
  2698 | D:4      | Reached XP level 6. HP: 23/46 MP: 6/6
  2831 | D:5      | Entered Level 5 of the Dungeon
  2903 | D:4      | Found a shimmering altar of Xom.
  3258 | D:4      | Reached XP level 7. HP: 45/52 MP: 7/7
  3516 | D:4      | Reached skill level 5 in Axes
  3914 | D:5      | Found a stormy altar of Qazlal.
  3921 | D:5      | Became a worshipper of Qazlal Stormbringer
  4176 | D:6      | HP: 1/54 [gnoll/+0 spear[a gnoll bouda] (3)]
  4211 | D:6      | HP: 2/54 [ice beast (14)]
  4213 | D:6      | Reached skill level 6 in Axes
  4213 | D:6      | Gained mutation: Your touch may inflict irresistible damage
                  | on your foes. [demonic ancestry]
  4213 | D:6      | Reached XP level 8. HP: 3/60 MP: 8/8
  4312 | D:6      | Found a glowing drain.
  4323 | Sewer    | Entered a sewer
  4844 | D:5      | Reached * piety under Qazlal
  4915 | D:5      | Found a radiant altar of Vehumet.
  4953 | D:5      | Found a staircase to the Ecumenical Temple.
  4963 | D:5      | Reached skill level 7 in Axes
  4973 | Temple   | Entered the Ecumenical Temple
  5376 | D:6      | Reached skill level 5 in Armour
  5956 | D:6      | Found a hazy altar of Hepliaklqana.
  5988 | D:6      | Reached skill level 5 in Fighting
  5988 | D:6      | Reached skill level 8 in Axes
  5988 | D:6      | Gained mutation: You are partially covered in slimy green
                  | scales. (AC +2) [demonic ancestry]
  5988 | D:6      | Reached XP level 9. HP: 26/68 MP: 9/9
  6159 | D:7      | Reached ** piety under Qazlal
  6304 | D:7      | Mangled by an orc warrior

Illustrated notes

Levels and vault maps discovered:
D:1:      scummos_arrival_star, layout_basic
D:2:      layout_basic
D:3:      layout_basic, uniq_robin, uniq_ijyb
D:4:      layout_basic, mainiacjoe_overflow_boulevard, lemuel_round_altar,
          minmay_pentangle
D:5:      layout_basic, mainiacjoe_overflow_alcove_1, tso_metal_star,
          mainiacjoe_overflow_24_doors, minmay_temple_entry_glassed_door
D:6:      layout_cave_pods, lemuel_tele_altar, gup_sewer_entry_pipe,
          nrook_campfire
D:7:      layout_loops_ring, mainiacjoe_overflow_six_doors_small,
          lemuel_round_altar, uniq_joseph
Temple:   nicolae_temple_cloud_nine

Skill      XL: |  1  2  3  4  5  6  7  8  9 |
---------------+----------------------------+-----
Dodging        | 3 |  3.8
Axes           | 3 4 6 8 |  8.2
Throwing       | 2 |  2.2
Armour         | 2 3 4 5 6 |  6.2
Fighting       | 3 4 5 |  5.1
Stealth        | |  0.8
Shields        | |  0.6

Action                   |  1- 3 |  4- 6 |  7- 9 || total
-------------------------+-------+-------+-------++-------
Melee: War axe           |    62 |    92 |    37 ||   191
       Touch             |     4 |    22 |    34 ||    60
       Broad axe         |       |       |   131 ||   131
       Punch             |       |       |     1 ||     1
Throw: Javelin           |       |     5 |       ||     5
       Throwing net      |       |       |     1 ||     1
  Use: Scroll            |     4 |     2 |     9 ||    15
       Potion            |       |       |     5 ||     5
 Stab: Held in net/web   |       |       |     1 ||     1
Armor: Leather armour    |    25 |    17 |       ||    42
       Scale mail        |       |    20 |       ||    20
       Ring mail         |       |     3 |       ||     3
       Plate armour      |       |       |   151 ||   151
       Chain mail        |       |       |    10 ||    10
Dodge: Dodged            |    45 |    85 |    64 ||   194
Block: Other             |       |       |     9 ||     9

Table legend: (Time is in decaauts)
 A = Elapsed time spent in this place.
 B = Non-inter-level travel time spent in this place.
 C = Inter-level travel time spent in this place.
 D = Time resting spent in this place.
 E = Time spent auto-exploring this place.
 F = Levels seen in this place.
 G = Mean time per level.
                   A        B        C        D        E       F      G
               +--------+--------+--------+--------+--------+-----+--------+
         Total |   6484 |   6365 |    119 |    603 |   3083 |   9 |  720.4 |
       Dungeon |   6029 |   5910 |    119 |    522 |   3083 |   7 |  861.3 |
        Temple |     41 |     41 |      0 |      0 |      0 |   1 |   41.0 |
         Sewer |    413 |    413 |      0 |     81 |      0 |   1 |  413.0 |
               +--------+--------+--------+--------+--------+-----+--------+

Top non-repeatable levels by time:
     D:4: 1447 daAuts
     D:6: 1296 daAuts
     D:2: 985 daAuts
     D:3: 931 daAuts
     D:5: 758 daAuts
     D:1: 534 daAuts
   Sewer: 413 daAuts
     D:7: 76 daAuts
  Temple: 41 daAuts
